[Event "*** Titled Tuesday Blitz"]
[Site "Chess.com"]
[Date "2020.03.03"]
[Round "8"]
[White "cottage_cheese"]
[Black "ethylalcohol"]
[Result "1-0"]
[WhiteElo "2307"]
[BlackElo "2134"]
[TimeControl "180+1"]
[EndTime "10:30:30 PST"]
[Termination "cottage_cheese won by checkmate"]

1. e4 e6 2. d4 d5 3. Nc3 Nf6 4. e5 Nfd7 5. f4 c5 6. Nf3 Nc6 7. Be3 cxd4 8. Nxd4 Qb6 9. Qd2 Qxb2 10.
Rb1 Qa3 11. Ndb5 Qa5 12. Nxd5 Qxd2+ 13. Kxd2 exd5 14. Nc7+ Kd8 15. Nxa8 d4 16. Bf2 b6 17. Bc4 Bb7 18. Nxb6 Nxb6 19. Bxf7 Bb4+ 20. Ke2 Rf8 21.
e6 Ba6+ 22. Kf3 Nd5 23. Bh4+ Kc7 24. e7 Ndxe7 25. Rxb4 Nxb4 26. Bxe7 Rxf7 27. Bxb4 Bb7+ 28.
Kg3 Kc6 29. Re1 Kd5 30. Re5+ Kc4 31. a3 Bd5 32. Re8 a5 33. Rc8+ Kb5 34. Rc5+ Kb6 35. Rxd5 axb4 36. axb4 Rc7 37. Rxd4 Rc3+ 38. Kg4 Rxc2 39.
Kh3 Rc3+ 40. g3 Rb3 41. Rd7 Rxb4 42. Rxg7 h5 43. Rh7 Rb5 44. Rh6+ Kc7 45. Kh4 Kd7 46. Rxh5 Rb2 47. h3 Ke7 48. Rf5 Ke6 49. Re5+ Kf6 50. g4 Rb3 51. g5+ Kf7 52. Rf5+ Kg7 53.
Rf6 Rb4 54. Kg4 Rb1 55. h4 Rg1+ 56. Kh5 Rf1 57. f5 Ra1 58. Rc6 Ra7 59. f6+ Kg8 60.
g6 Ra5+ 61. Kh6 Ra8 62. Re6 Rf8 63. f7+ Kh8 64. g7# 1-0

[Event "*** Titled Tuesday Blitz"]
[Site "Chess.com"]
[Date "2020.03.03"]
[Round "8"]
[White "FairChess_on_YouTube"]
[Black "rasmussvane"]
[Result "0-1"]
[WhiteElo "3031"]
[BlackElo "2887"]
[TimeControl "180+1"]
[EndTime "10:30:37 PST"]
[Termination "rasmussvane won on time"]

1. d4 d5 2. Nf3 Nf6 3. c4 e6 4. e3 a6 5. b3 c5 6. Bb2 cxd4 7.
exd4 Be7 8. Nbd2 O-O 9. Bd3 b6 10. O-O Bb7 11. Qe2 Nc6 12. Rad1 Rc8 13. Bb1 Bb4 14.
a3 Bd6 15. Ne5 Qe7 16. a4 Rfd8 17. Ndf3 h6 18. h3 dxc4 19. bxc4 Na5 20. Rfe1 Bxf3 21. Qxf3 Nxc4 22. Nxc4 Rxc4 23. d5 e5 24. Qf5 Rf4 25. Qxf4 exf4 26. Rxe7 Bxe7 27. Ba2 Kf8 28. Bc4 b5 29. axb5 axb5 30. Bb3 Ne4 31. Bc2 Nc5 32. Bd4 Bd6 33. Rb1 Rb8 34. Bc3 f6 35. Bg6 Nd7 36.
Bf5 Ne5 37. Kf1 b4 38. Bd2 Rb5 39. Be4 Nc4 40. Bc1 Ra5 41. Bd3 Nb6 42. Bd2 Nxd5 43. Bc4 Nc3 44. Re1 Be5 45. g3 g5 46. gxf4 gxf4 47.
Kg2 Ra3 48. Rg1 b3 49. Bxc3 Bxc3 50. Kf3 b2 51. Ke4 Ra1 52. Rg8+ Ke7 53. Bd3 b1=Q 54.
Bxb1 Rxb1 55. Kxf4 Rb2 56. Ke3 Rb5 57. f4 Rh5 58.
Kf3 Rxh3+ 59. Kg4 Rh1 60. Kf5 h5 61. Rc8 Ba1 62. Rc7+ Kd6 63. Rh7 h4 64. Kg4 Ke6 0-1

[Event "*** Titled Tuesday Blitz"]
[Site "Chess.com"]
[Date "2020.03.03"]
[Round "8"]
[White "Vugar_Manafov"]
[Black "Leonid_Starozhilov"]
[Result "0-1"]
[WhiteElo "2578"]
[BlackElo "2714"]
[TimeControl "180+1"]
[EndTime "10:30:40 PST"]
[Termination "Leonid_Starozhilov won on time"]

1. d4 Nf6 2. c4 g6 3. Nc3 Bg7 4. e4 d6 5. g3 O-O 6. Bg2 c5 7.
Nge2 cxd4 8. Nxd4 Nc6 9. Nc2 Bg4 10. f3 Be6 11. Ne3 Ne5 12. b3 Qa5 13. Bd2 Nd3+ 14.
Ke2 Ne5 15. Re1 a6 16. Kf1 Rfc8 17. Qe2 Qd8 18. Kg1 Nc6 19. Rad1 Nd7 20. Ned5 b5 21.
cxb5 Nd4 22. Qf2 Nxb5 23. Nxb5 axb5 24. Bg5 Bxd5 25. exd5 Bf6 26. Bxf6 exf6 27. Rd2 b4 28. Rde2 Qa5 29. Kh1 Nc5 30. Qd4 Kg7 31. Bh3 Rc7 32. Bg4 h5 33. Bh3 Qb6 34. g4 hxg4 35. fxg4 Na4 36. Qf4 Rc3 37. Bg2 Nc5 38. Rf1 Qd8 39.
g5 f5 40. Qd4+ Kg8 41. Rfe1 Qf8 42. h4 Nd3 43. Rd1 Ne5 44. Qxb4 Rac8 45. Qf4 Rc2 46. Rxc2 Rxc2 47. h5 Qc8 48. h6 Kh7 49. Qe3 Rc3 50. Qa7 Rc1 51. Rxc1 Qxc1+ 52. Qg1 Qxg5 53. a4 Ng4 54.
Bf3 Qh4+ 55. Kg2 Nxh6 56. a5 Qg5+ 57. Kh1 Qh4+ 58. Kg2 Qb4 0-1

[Event "*** Titled Tuesday Blitz"]
[Site "Chess.com"]
[Date "2020.03.03"]
[Round "8"]
[White "Berardino"]
[Black "lestri"]
[Result "0-1"]
[WhiteElo "2625"]
[BlackElo "2524"]
[TimeControl "180+1"]
[EndTime "10:30:41 PST"]
[Termination "lestri won on time"]

1. e4 d6 2. Nc3 Nf6 3. g3 e5 4. Bg2 Be7 5. Nge2 O-O 6. O-O c6 7. d4 b5 8. a3 a6 9. h3 h5 10. Bg5 Nbd7 11. Qd2 Bb7 12. Rad1 Re8 13. Kh2 a5 14. f4 b4 15. Nb1 exd4 16. Nxd4 c5 17. Nf5 Bxe4 18. Bxe4 Nxe4 19. Nxe7+ Rxe7 20. Bxe7 Nxd2 21. Bxd8 Nxf1+ 22. Rxf1 Rxd8 23. axb4 axb4 24. Nd2 Nb6 25. Ne4 Kf8 26. Kg2 Nc4 27. Ra1 Nxb2 28. Ra7 f6 29.
g4 hxg4 30. hxg4 Nc4 31. g5 Ne3+ 32. Kf2 Nd5 33. g6 Nxf4 34. Ng3 Nxg6 35. Nf5 Re8 36. Nxd6 Re5 37. Rc7 Nf4 38. Nc4 Rf5 39. Kg3 Ne6 40.
Rc6 Ke7 41. Ra6 Rg5+ 42. Kf2 Rd5 43. Ne3 Re5 44. Nc4 Re4 45. Ra7+ Kf8 46. Nd6 Rf4+ 47. Ke3 g5 48. Rf7+ Kg8 49. Re7 Nd4 50. Kd3 Nf5 51.
Re8+ Kg7 52. Ne4 Rf3+ 53. Kd2 Nd4 54. Nd6 Kg6 55. Rg8+ Kh7 56. Rf8 g4 57. Ne4 g3 58.
Kd1 g2 59. Rf7+ Kg6 0-1

[Event "*** Titled Tuesday Blitz"]
[Site "Chess.com"]
[Date "2020.03.03"]
[Round "8"]
[White "Witik"]
[Black "MartinMatthiesen"]
[Result "1-0"]
[WhiteElo "2648"]
[BlackElo "2526"]
[TimeControl "180+1"]
[EndTime "10:30:43 PST"]
[Termination "Witik won by resignation"]

1. d4 Nf6 2. Bf4 d5 3. e3 c5 4.
c3 Nc6 5. Nd2 cxd4 6. exd4 Bg4 7. Qb3 Qc8 8. Ngf3 e6 9. Ne5 Be7 10. Nxg4 Nxg4 11. Bd3 O-O 12. O-O Qd7 13. h3 Nf6 14.
Nf3 Bd6 15. Ne5 Qc7 16. Rfe1 Nd7 17. Qc2 Ncxe5 18. Bxh7+ Kh8 19. dxe5 Bxe5 20. Bxe5 Nxe5 21. Qe2 Kxh7 22. Qh5+ Kg8 23. Rxe5 Qe7 24. Rae1 Qf6 25. R1e3 g6 26. Qg4 Kg7 27. h4 Rh8 28. h5 Rh6 29.
Rg5 Rah8 30. Rh3 a6 31. hxg6 Rxg6 32. Rxg6+ fxg6 33. Re3 Re8 34. f4 Qf5 35. Qxf5 gxf5 36. Kf2 Kf6 37. Rh3 Rc8 38. Ke3 Rc4 39. Rh6+ Ke7 40.
Rh7+ Kf6 41. Rxb7 Re4+ 42. Kf3 Re1 43. Rb6 Rf1+ 44. Ke2 Rg1 45. Kf2 Rb1 46. a4 a5 47.
g3 Ke7 48. Ke3 Kd7 49. Kd4 Kc7 50. Rxe6 Rxb2 51. Kxd5 Ra2 52. Ke5 Rxa4 53. Kxf5 Rc4 54. Ra6 Rc5+ 55. Kg6 Kb7 56. Re6 Rxc3 57. g4 a4 58. f5 a3 59. Re2 Rb3 60. f6 Rb2 61.
Re3 a2 62. Ra3 Kc6 63. f7 Rf2 64. Rxa2 Rf4 65. g5 Kd7 66. Ra8 Ke7 67. Re8+ Kd6 68.
f8=Q+ Rxf8 69. Rxf8 1-0

[Event "*** Titled Tuesday Blitz"]
[Site "Chess.com"]
[Date "2020.03.03"]
[Round "8"]
[White "Shant_Sargsyan"]
[Black "Volodar_Murzin"]
[Result "1/2-1/2"]
[WhiteElo "2993"]
[BlackElo "2694"]
[TimeControl "180+1"]
[EndTime "10:30:45 PST"]
[Termination "Game drawn by repetition"]

1. d4 d5 2. c4 c6 3. cxd5 cxd5 4. Bf4 Nc6 5. e3 e6 6. Nc3 Bd6 7. Bxd6 Qxd6 8. f4 Nge7 9. Bd3 Bd7 10. Nf3 f6 11. O-O O-O 12. a3 Be8 13. Nh4 Rc8 14. Qc2 g6 15. Qf2 Bf7 16. Nf3 Nf5 17. g4 Ng7 18. g5 fxg5 19. Nxg5 Nf5 20. Nf3 a6 21. Kh1 Kh8 22. Rg1 Rg8 23. Rg5 Rg7 24. Rag1 Rcg8 25. h4 Be8 26. h5 Qe7 27. Bxf5 gxf5 28. h6 Rxg5 29. Rxg5 Qf6 30. Qh4 Rg6 31. Rxg6 Qxg6 32. Ng5 Kg8 33. Kg1 Nd8 34. Kf2 Nf7 35. Nxf7 Kxf7 36.
Ne2 Qf6 37. Qh1 Ke7 38. Ng1 b6 39. Nf3 a5 40. Ne5 Kd6 41. Ke1 Kc7 42. Kd2 Kb7 43. b3 Qf8 44. a4 b5 45. axb5 Qb4+ 46. Kc2 a4 47. bxa4 Qxa4+ 48. Kd2 Qa2+ 49. Kc3 Qa3+ 50. Kc2 Qxe3 51. Qh4 Qe2+ 52. Kc3 Qe3+ 53. Nd3 Bxb5 54. Qe7+ Ka6 55. Qd6+ Ka5 56. Qc7+ Ka6 57. Qc8+ Kb6 58. Qb8+ Kc6 59. Qc8+ Kb6 60. Qd8+ Ka6 61. Qa8+ Kb6 62. Qb8+ Kc6 63. Qc8+ Kb6 1/2-1/2

[Event "*** Titled Tuesday Blitz"]
[Site "Chess.com"]
[Date "2020.03.03"]
[Round "8"]
[White "arjwezhrtdrz"]
[Black "boasovietica"]
[Result "0-1"]
[WhiteElo "2126"]
[BlackElo "2500"]
[TimeControl "180+1"]
[EndTime "10:30:49 PST"]
[Termination "boasovietica won by checkmate"]

1. e4 c5 2. c3 d5 3. exd5 Qxd5 4. d4 Nf6 5. Nf3 cxd4 6. cxd4 g6 7. Nc3 Qd8 8. Bb5+ Bd7 9. Bxd7+ Nbxd7 10. O-O Bg7 11. Re1 O-O 12. Qe2 e6 13. Ne5 Nb6 14. Rd1 Rc8 15. Bg5 Nbd5 16. Rac1 Qa5 17. Nxd5 Nxd5 18. Nd7 Rfe8 19. a3 Rxc1 20. Bxc1 Qc7 21. Nc5 b6 22. Ne4 Rc8 23. h3 Qc2 24. Qf3 Bxd4 25. Ng5 Qf5 26. Qxf5 gxf5 27. Nf3 Bf6 28. Bh6 Bxb2 29. a4 Bg7 30. Bxg7 Kxg7 31. a5 b5 32. a6 b4 33. Rb1 Rc6 34. Ra1 Nc7 35. Ne5 Rxa6 36.
Rc1 Nd5 37. Rc8 b3 38. Nd3 Rb6 39. Ra8 b2 40. Nxb2 Rxb2 41. Rxa7 Nc3 42. g3 Ne4 43. g4 fxg4 44. hxg4 Nxf2 45. g5 Ne4 46. Ra4 Nxg5 47. Kf1 Kg6 48. Kg1 f5 49. Rb4 h5 50. Rxb2 f4 51. Kg2 Kf5 52. Rb8 e5 53. Rf8+ Kg4 54. Re8 e4 55. Kh2 e3 56. Kg2 h4 57. Rg8 f3+ 58.
Kf1 h3 59. Rh8 e2+ 60. Kf2 Ne4+ 61. Ke1 Kf4 62. Rf8+ Kg4 63. Rxf3 Ng3 64. Rf8 h2 65. Rg8+ Kh4 66. Rh8+ Nh5 67. Kxe2 h1=Q 68. Rf8 Qg2+ 69. Rf2 Ng3+ 70. Ke3 Qe4+ 71. Kd2 Qd4+ 72. Ke1 Qe3+ 73. Re2 Qxe2# 0-1

[Event "*** Titled Tuesday Blitz"]
[Site "Chess.com"]
[Date "2020.03.03"]
[Round "8"]
[White "hongnhung1234"]
[Black "HouseOfDurin"]
[Result "1-0"]
[WhiteElo "2241"]
[BlackElo "2088"]
[TimeControl "180+1"]
[EndTime "10:30:50 PST"]
[Termination "hongnhung1234 won by checkmate"]

1. e4 c5 2. Nc3 Nc6 3. f4 e5 4.
f5 g6 5. fxg6 hxg6 6. Nf3 Nge7 7. Bc4 Bg7 8. d3 d6 9. Bg5 Be6 10. Nd5 Bxd5 11. exd5 Nd4 12. Nxd4 cxd4 13. Bb5+ Kf8 14.
Bc4 b5 15. Bb3 Bh6 16. Bf6 Qa5+ 17. Ke2 Bg7 18. Bg5 f6 19. Bd2 Qc7 20. a4 bxa4 21.
Rxa4 Qd7 22. Kf2 Bh6 23. Bb4 Be3+ 24. Ke1 Kg7 25. Ra6 Nf5 26. Qg4 Rh4 27. Qf3 Rah8 28.
h3 Qb5 29. Ra4 a6 30. Ke2 Rf4 31. Qxf4 Bxf4 32. Ba3 Ng3+ 33. Kf3 Qxa4 34. Bxa4 Nxh1 35. Bxd6 Ng3 36. Bc5 Nf5 37. Bd7 Rd8 38. Bc6 Rb8 39. g4 Ne3 40. d6 Nxc2 41. d7 Rd8 42. Be7 Rxd7 43. Bxd7 Nb4 44. Bxb4 Be3 45. Bc8 Kf7 46. Bxa6 f5 47. Bc4+ Kf6 48. Bd6 e4+ 49. dxe4 fxe4+ 50. Kxe4 Kg5 51. Be7+ Kh6 52. Bf6 Bg1 53. Bxd4 Bh2 54. Be3+ Kh7 55. b4 Bb8 56. b5 Kg7 57. b6 g5 58.
Bxg5 Kh7 59. b7 Kg6 60. Bf4 Ba7 61. b8=Q Bxb8 62. Bxb8 Kf6 63. Be5+ Kg6 64. h4 Kh6 65. Bf4+ Kg6 66. Be6 Kg7 67. Bf5 Kf6 68. g5+ Kf7 69.
h5 Kg7 70. h6+ Kf7 71. g6+ Ke7 72. Bg5+ Kf8 73. g7+ Kg8 74. Be6+ Kh7 75. g8=Q# 1-0

[Event "*** Titled Tuesday Blitz"]
[Site "Chess.com"]
[Date "2020.03.03"]
[Round "8"]
[White "SantoBlue"]
[Black "Willychess95"]
[Result "0-1"]
[WhiteElo "2747"]
[BlackElo "2594"]
[TimeControl "180+1"]
[EndTime "10:30:54 PST"]
[Termination "Willychess95 won on time"]

1. e4 c5 2. Nf3 d6 3. g3 Nf6 4. d3 Nc6 5. Nbd2 g6 6. Bg2 Bg7 7. O-O O-O 8. Nh4 e5 9. Nc4 h6 10. Kh1 Kh7 11. a4 Nd4 12. c3 Ne6 13. Qe1 Bd7 14. f4 exf4 15. gxf4 Bc6 16. f5 Ng5 17. Qg3 d5 18. Ne5 dxe4 19. fxg6+ fxg6 20. Nhxg6 Re8 21.
Bxg5 hxg5 22. Qh3+ Kg8 23. Nxc6 bxc6 24. dxe4 Nxe4 25.
Qg4 Qc8 26. Qf3 Qe6 27. Rae1 Qxg6 28. Rxe4 Rf8 29. Qe2 Rxf1+ 30. Qxf1 Rf8 31. Qc4+ Kh8 32. Re1 Qf6 33. Qxc5 Qf2 34. Qxf2 Rxf2 35. Re8+ Kh7 36.
Be4+ Kh6 37. Re6+ Kh5 38. Bxc6 Rxb2 39. c4 Bd4 40. Bf3+ g4 41. Be4 Ra2 42. Bb1 Ra1 43. Re1 Rxa4 44. Bd3 Ra1 45. Bb1 Kh4 46. Kg2 Ra4 47. Rc1 Rb4 48. Be4 Rb2+ 49. Kf1 Bc5 50. Rd1 Rf2+ 51. Ke1 Rxh2 52. Rd5 Bb4+ 53. Kf1 Kg3 54.
c5 Rf2+ 55. Kg1 Rf4 56. Bd3 Rd4 57. Rxd4 Bxc5 58. Kf1 Bxd4 0-1

[Event "*** Titled Tuesday Blitz"]
[Site "Chess.com"]
[Date "2020.03.03"]
[Round "8"]
[White "Azeryahu"]
[Black "Andrei_Belozerov"]
[Result "1/2-1/2"]
[WhiteElo "2838"]
[BlackElo "2663"]
[TimeControl "180+1"]
[EndTime "10:31:03 PST"]
[Termination "Game drawn by agreement"]

1. c4 e5 2. Nc3 Bb4 3. Nd5 Bc5 4.
Nf3 d6 5. d4 exd4 6. Nxd4 c6 7.
Nc3 Nf6 8. g3 O-O 9. Bg2 Re8 10.
O-O Bg4 11. h3 Bh5 12. g4 Bg6 13. Nb3 Nbd7 14. Bf4 h5 15. Nxc5 Nxc5 16. Qxd6 Qxd6 17. Bxd6 Nce4 18. Nxe4 Nxe4 19. Bf4 hxg4 20. hxg4 Nf6 21. Bf3 Be4 22. Rad1 Bxf3 23. exf3 Rad8 24. Rxd8 Rxd8 25.
Re1 Rd4 26. Be3 Rxc4 27. Bxa7 Nd5 28. Be3 f6 29. a3 Kf7 30. Kf1 b5 31. Re2 b4 32.
axb4 Rxb4 33. Rc2 Rb3 34. Ke2 Ke7 35. f4 Kd6 36. f5 Ke5 37. Rxc6 Nxe3 38. fxe3 Rxb2+ 39. Kf3 Rb7 40. Re6+ Kd5 41. g5 fxg5 42.
Kg4 Rb1 43. Kxg5 Rg1+ 44. Kf4 Rf1+ 45. Kg4 Rg1+ 46. Kh5 Rg3 47. e4+ Kd4 48. Re7 Ke3 49.
Kh4 Rg1 50. e5 Kf4 51. Kh3 Kxf5 52. Kh2 Rg4 53. e6 g5 54. Re8 Re4 55. e7 Kf6 56. Rg8 Rxe7 57. Rf8+ Kg6 58. Rf3 Kh5 59. Ra3 Kh4 60.
Ra4+ g4 61. Ra2 Re3 62. Kg2 Rh3 63. Rb2 Rc3 64. Ra2 Kg5 65. Ra5+ Kf4 66. Ra2 Kg5 1/2-1/2

[Event "*** Titled Tuesday Blitz"]
[Site "Chess.com"]
[Date "2020.03.03"]
[Round "8"]
[White "Astaneh"]
[Black "VerdeNotte"]
[Result "1/2-1/2"]
[WhiteElo "2629"]
[BlackElo "2795"]
[TimeControl "180+1"]
[EndTime "10:35:48 PST"]
[Termination "Game drawn by 50-move rule"]

1. Nf3 g6 2. d4 d6 3. e4 Nf6 4. Nc3 Bg7 5. Bc4 e6 6. Qe2 a6 7. a4 Nc6 8. Bg5 h6 9. Be3 O-O 10. h3 d5 11. exd5 Nxd5 12. Nxd5 exd5 13. Bd3 Nb4 14. O-O Re8 15. Rfe1 a5 16. Bg5 Rxe2 17. Bxd8 Rxe1+ 18. Rxe1 Nxd3 19. cxd3 Bd7 20. Bxc7 Bxa4 21. Ra1 Bb5 22. Rxa5 Rxa5 23. Bxa5 Bxd3 24. Ne5 Bb5 25. Bc3 g5 26. g4 f6 27. Nf3 Bf8 28. Ne1 Kf7 29.
Nc2 Bd3 30. Ne3 Ke6 31. f3 Bd6 32. Kf2 Bg6 33. Ng2 h5 34. Bd2 Be7 35. h4 Kd7 36. hxg5 fxg5 37. Ne3 Ke6 38. gxh5 Bxh5 39. Ng2 Bf6 40. Be3 Bg6 41. Ne1 Kd7 42. Ke2 Kc6 43.
Nd3 Kb5 44. Ne5 Be8 45. Bd2 Be7 46. Kd3 Ka4 47. Kc2 Bf6 48. b3+ Kb5 49. Bc3 Be7 50. Kd2 Bf8 51. Ke3 Kb6 52. Ng4 Be7 53. Ne5 Kc7 54.
f4 gxf4+ 55. Kxf4 Bh4 56. Ke3 Bg5+ 57. Kd3 Bh5 58. Bd2 Bf6 59. Bf4 Kc8 60. Kc3 Be7 61.
Nd3 Bg6 62. Be5 Kd7 63. Nf4 Be4 64. Ne2 Kc6 65. Ng3 Bg6 66. Nf1 Kb5 67. Ne3 Bb4+ 68.
Kb2 Be4 69. Nc2 Bd2 70. Na3+ Kb4 71. Nc2+ Ka5 72. Bc7+ Kb5 73. Na3+ Kc6 74. Be5 Kd7 75.
Nb1 Bb4 76. Nc3 Bf3 77. Kc2 Ke6 78. Na4 Kf5 79. Bh2 Be4+ 80. Kb2 Bd3 81. Nc5 Ba6 82. Kc2 Kg4 83. Bd6 Be2 84. Nxb7 Be1 85. Be5 Kf3 86. Nd6 Ke3 87. Nf5+ Ke4 88. Nd6+ Ke3 89. Kb2 Bb4 90. Nf5+ Ke4 91. Nd6+ Kd3 92. Nf5 Kd2 93. Nd6 Bc3+ 94. Ka3 Kd3 95. Nb5 Bd2 96. Ka4 Kc2 97. b4 Kb2 98.
Nc7 Bd1+ 99. Ka5 Bf3 100. Kb5 Kc3 101. Na6 Kd3 102. Kc5 Ke4 103. b5 Ba5 104. b6 Bxb6+ 105. Kxb6 Bh5 106. Kc5 Bf7 107. Nb4 Bg8 108. Kd6 Bf7 109. Na6 Bg8 110. Nc5+ Ke3 111. Ke7 Bh7 112. Kf6 Kd2 113. Ke6 Bg8+ 114. Kd6 Kc3 115. Ne6 Kc4 116. Ke7 Bh7 117. Kf7 Be4 118. Kf6 Bf3 119. Ng5 Bg2 120. Kf5 Kd3 121. Kf4 Kc4 122. Nh7 Be4 123. Nf6 Bg6 124. Ng8 Bd3 125. Ne7 Be4 126. Ke3 Bh7 127. Kd2 Be4 128. Kc1 Bh1 129. Kb2 Bg2 130. Ka3 Bf3 131. Ka4 Be4 132. Nc8 Bf3 133. Nb6+ Kc3 134. Kb5 Kd3 135. Kc5 Ke4 136. Nxd5 Kf5 137. Ne3+ Ke6 138. Nc4 Bd5 139. Ne3 Bh1 140. Bh2 Bg2 141. d5+ Bxd5 142. Nxd5 Kf5 143. Kd4 Ke6 144. Ke4 Kd7 145. Bg1 Kc6 146. Nc3 Kd6 147. Bd4 Ke6 148. Nb5 Ke7 149. Kf5 Kd7 150. Ke5 Kc6 151. Nc3 Kd7 152. Kd5 Kc7 153. Bc5 Kd7 154. Ne4 Kc7 155. Nf6 Kb7 156. Kd6 Kc8 157. Kc6 Kb8 158. Nd7+ Ka8 159. Nb6+ Ka7 160. Bd6 Ka6 161. Bb8 Ka5 162. Nd5 Ka6 163. Nb6 Ka5 164. Kc5 Ka6 165. Nc4 Kb7 166. Bf4 Ka6 167. Kc6 Ka7 168. Bd6 Ka6 169. Ne5 Ka7 170. Bc7 Ka6 171. Bb8 Ka5 172. Kc5 Ka6 173. Nc6 Kb7 174. Bg3 Ka8 175. Nb4 Kb7 176. Nd5 Ka8 177. Kc6 Ka7 178. Kc7 Ka6 179. Nb6 Kb5 180. Be5 Kc5 181. Bf6 Kb5 182. Nd7 Kc4 183. Kc6 Kd3 184. Kd5 Ke3 185. Be5 Kf3 186. Nf6 Ke3 187. Bd4+ Kf4 188. Ke6 Kf3 189. Kf5 Kg3 190. Ne4+ Kf3 191. Ng5+ Kg3 192. Be5+ 1/2-1/2

[Event "*** Titled Tuesday Blitz"]
[Site "Chess.com"]
[Date "2020.03.03"]
[Round "9"]
[White "Quiet_Desperation"]
[Black "Ovsiannikov_Maxim"]
[Result "1-0"]
[WhiteElo "2063"]
[BlackElo "2203"]
[TimeControl "180+1"]
[EndTime "10:38:42 PST"]
[Termination "Quiet_Desperation won by resignation"]

1. e4 e5 2. Nf3 c6 3. d4 exd4 4. c3 dxc3 5. Nxc3 Nf6 6. e5 Qe7 7. Be2 Nd5 8. Nxd5 cxd5 9. O-O Nc6 10. Qxd5 Qe6 11. Qd1 h6 12. b3 Bc5 13. Bc4 Qg4 14. Bxf7+ Kxf7 15. Ng5+ Qxg5 16. Bxg5 hxg5 17. Qd5+ Kg6 18.
Qxc5 b6 19. Qd6+ Kh7 20. e6 1-0

[Event "*** Titled Tuesday Blitz"]
[Site "Chess.com"]
[Date "2020.03.03"]
[Round "9"]
[White "floplover"]
[Black "vladimirdamjanovic"]
[Result "0-1"]
[WhiteElo "2346"]
[BlackElo "2646"]
[TimeControl "180+1"]
[EndTime "10:38:55 PST"]
[Termination "vladimirdamjanovic won by resignation"]

1. d4 Nf6 2. c4 c5 3. Nf3 cxd4 4. Nxd4 Nc6 5. g3 g6 6. Bg2 Bg7 7. O-O O-O 8. Nc3 d5 9. Nxc6 bxc6 10. cxd5 Nxd5 11.
Nxd5 cxd5 12. Qxd5 Rb8 13. Be3 Qxd5 14. Bxd5 Rxb2 15.
Bxa7 Bb7 16. Bxb7 Rxb7 17. Be3 Bxa1 18. Rxa1 Ra8 19. a3 Rb5 20. Bd2 Rb2 21. Kf1 Rxd2 0-1

[Event "*** Titled Tuesday Blitz"]
[Site "Chess.com"]
[Date "2020.03.03"]
[Round "9"]
[White "Shant_Sargsyan"]
[Black "RitvarsReimanis"]
[Result "1-0"]
[WhiteElo "2995"]
[BlackElo "2627"]
[TimeControl "180+1"]
[EndTime "10:38:57 PST"]
[Termination "Shant_Sargsyan won by resignation"]

1. e4 c5 2. Nc3 Nc6 3. Nf3 Nf6 4. Bb5 Nd4 5. e5 Nxb5 6. Nxb5 Nd5 7. Ng5 e6 8. Ne4 Be7 9. c4 Nf4 10. Nbd6+ Kf8 11.
O-O Ng6 12. d4 f5 13. exf6 Bxf6 14. Nxf6 Qxf6 15. dxc5 Ke7 16. Qh5 h6 17. Be3 Rf8 18.
Rad1 Nf4 19. Bxf4 Qxf4 20. c6 dxc6 21. Qc5 Kf6 22. Rd3 b6 23. Qxc6 1-0

[Event "*** Titled Tuesday Blitz"]
[Site "Chess.com"]
[Date "2020.03.03"]
[Round "9"]
[White "TwentyHourADay"]
[Black "ChainsOfFantasia"]
[Result "0-1"]
[WhiteElo "2319"]
[BlackElo "2521"]
[TimeControl "180+1"]
[EndTime "10:39:26 PST"]
[Termination "ChainsOfFantasia won by resignation"]

1. d4 Nh6 2. Nh3 g6 3. Bg5 Bg7 4. Qd2 Nf5 5. c3 h6 6. Bf4 g5 7. Be5 f6 8. e4 fxe5 9. exf5 exd4 10. Bd3 c5 11. Nxg5 hxg5 12. Qxg5 Kf8 13. Nd2 Bf6 14.
Qg4 dxc3 15. Ne4 cxb2 16. Rd1 Qb6 17. O-O Bd4 18. Bc4 Qh6 19. h3 Nc6 20. f6 Ne5 21.
fxe7+ Kxe7 22. Qf5 d5 0-1

[Event "*** Titled Tuesday Blitz"]
[Site "Chess.com"]
[Date "2020.03.03"]
[Round "9"]
[White "sganerdene"]
[Black "124chess"]
[Result "0-1"]
[WhiteElo "2668"]
[BlackElo "2490"]
[TimeControl "180+1"]
[EndTime "10:39:39 PST"]
[Termination "124chess won by resignation"]

1. b3 d5 2. Bb2 Bf5 3. Nf3 e6 4.
g3 Nf6 5. Bg2 Be7 6. O-O O-O 7. d3 c5 8. Nbd2 Nc6 9. Qe1 Qc7 10.
a3 h6 11. e4 Bh7 12. Qe3 d4 13. Qe2 e5 14. Nh4 a5 15. Nf5 a4 16. f4 axb3 17. cxb3 exf4 18. Nxe7+ Qxe7 19. gxf4 Nd5 20. Nc4 b5 21.
Ne5 Nxf4 22. Rxf4 Nxe5 23. Raf1 Qe6 24. Qc2 Rac8 25. a4 bxa4 26. bxa4 Rfd8 27. Rh4 Bg6 28. Bh3 Qe7 29. Rhf4 Rc6 30. Ba3 Qg5+ 31. Kh1 c4 32. dxc4 Rxc4 33. Qb3 Rc3 34. Qb4 Rxh3 0-1

[Event "*** Titled Tuesday Blitz"]
[Site "Chess.com"]
[Date "2020.03.03"]
[Round "9"]
[White "ChelsieMonica"]
[Black "Babas"]
[Result "0-1"]
[WhiteElo "2138"]
[BlackElo "2367"]
[TimeControl "180+1"]
[EndTime "10:39:44 PST"]
[Termination "Babas won by resignation"]

1. c4 e5 2. Nf3 Nc6 3. Nc3 Nf6 4. e3 Bb4 5. Be2 O-O 6. O-O Re8 7. d4 Bxc3 8. bxc3 d6 9. a4 b6 10. d5 Na5 11. Nd2 Ba6 12. e4 Rc8 13. Qc2 c6 14. Qa2 cxd5 15. cxd5 Bxe2 0-1

[Event "*** Titled Tuesday Blitz"]
[Site "Chess.com"]
[Date "2020.03.03"]
[Round "9"]
[White "Msb2"]
[Black "FelixJoseYnojosa"]
[Result "1-0"]
[WhiteElo "2873"]
[BlackElo "2702"]
[TimeControl "180+1"]
[EndTime "10:40:01 PST"]
[Termination "Msb2 won by resignation"]

1. d4 Nf6 2. Nf3 e6 3. Bf4 c5 4.
e3 Nc6 5. Nbd2 d5 6. c3 Nh5 7. Bg5 Qb6 8. dxc5 Qxb2 9. Nd4 g6 10. Nb5 h6 11. Bh4 Rb8 12. Nc4 Qxa1 13. Ncd6+ 1-0

[Event "*** Titled Tuesday Blitz"]
[Site "Chess.com"]
[Date "2020.03.03"]
[Round "9"]
[White "Man-Chuk"]
[Black "Astaneh"]
[Result "1-0"]
[WhiteElo "2778"]
[BlackElo "2619"]
[TimeControl "180+1"]
[EndTime "10:40:20 PST"]
[Termination "Man-Chuk won by resignation"]

1. d4 Nf6 2. c4 g6 3. Nc3 d5 4. Bf4 Bg7 5. e3 O-O 6. Rc1 c5 7. dxc5 Qa5 8. cxd5 Ne4 9. Ne2 Rd8 10. a3 Nxc3 11. Nxc3 Qxc5 12. Nb5 Na6 13. Rxc5 Nxc5 14. Be2 a6 15. Nc7 Ra7 16. O-O b6 17. Qc1 Bf5 18. Rd1 Rc8 19. g4 Bd7 20. h3 Na4 21. Bxa6 Rxa6 22. Nxa6 Rxc1 23. Rxc1 Bb5 24. Rc8+ 1-0

[Event "*** Titled Tuesday Blitz"]
[Site "Chess.com"]
[Date "2020.03.03"]
[Round "9"]
[White "shanemelaughcm"]
[Black "KacperPolOK"]
[Result "1-0"]
[WhiteElo "2263"]
[BlackElo "2389"]
[TimeControl "180+1"]
[EndTime "10:40:22 PST"]
[Termination "shanemelaughcm won by resignation"]

1. c4 e5 2. Nc3 Bb4 3. g3 Bxc3 4. bxc3 f5 5. Bg2 Nf6 6. d4 e4 7. Nh3 O-O 8. O-O d6 9. Rb1 c5 10. f3 Nc6 11. Be3 b6 12. Nf4 Qe7 13. Qd2 Kh8 14.
Nd5 Qd8 15. Bg5 Be6 16. fxe4 1-0

[Event "*** Titled Tuesday Blitz"]
[Site "Chess.com"]
[Date "2020.03.03"]
[Round "9"]
[White "saraswathii"]
[Black "HarryCun"]
[Result "1-0"]
[WhiteElo "2226"]
[BlackElo "2113"]
[TimeControl "180+1"]
[EndTime "10:40:53 PST"]
[Termination "saraswathii won by resignation"]

1. e4 c6 2. d3 d5 3. Nd2 dxe4 4.
dxe4 e5 5. Ngf3 Nf6 6. Nxe5 Bd6 7. Nef3 Bg4 8. Bd3 O-O 9. O-O Nbd7 10. h3 Bxf3 11.
Nxf3 Ne5 12. Be3 Nxd3 13. Qxd3 Re8 14. Bg5 h6 15. Bxf6 Qxf6 16. c3 Rad8 17. Qc2 g5 18. Rad1 h5 19. Rfe1 g4 20. e5 Qg7 21. Nh4 Bxe5 22.
Rxd8 Rxd8 23. Qf5 gxh3 24. Qxe5 Qg4 25. g3 Rd3 26. Nf5 h4 27. Nh6+ 1-0

[Event "*** Titled Tuesday Blitz"]
[Site "Chess.com"]
[Date "2020.03.03"]
[Round "9"]
[White "MiroVlasenko"]
[Black "guillembaches"]
[Result "1-0"]
[WhiteElo "2624"]
[BlackElo "2417"]
[TimeControl "180+1"]
[EndTime "10:41:02 PST"]
[Termination "MiroVlasenko won by resignation"]

1. e4 c5 2. Nc3 d6 3. f4 g6 4. Nf3 Bg7 5. Bb5+ Bd7 6. Bc4 Nc6 7.
d3 a6 8. a3 b5 9. Ba2 e6 10. f5 Nge7 11. O-O b4 12. axb4 cxb4 13. Ne2 gxf5 14. Qe1 Qb6+ 15. Kh1 O-O-O 16. Ng3 h5 17. Be3 Nd4 18. exf5 h4 19. fxe6 fxe6 20. Ne2 Nef5 21. Nexd4 Bxd4 22. Nxd4 1-0

[Event "*** Titled Tuesday Blitz"]
[Site "Chess.com"]
[Date "2020.03.03"]
[Round "9"]
[White "albi1999"]
[Black "Jumbo"]
[Result "0-1"]
[WhiteElo "2592"]
[BlackElo "2754"]
[TimeControl "180+1"]
[EndTime "10:41:14 PST"]
[Termination "Jumbo won by resignation"]

1. d4 Nf6 2. c4 e6 3. Nf3 Bb4+ 4.
Bd2 a5 5. g3 b6 6. Bg2 Ba6 7.
Qc2 c5 8. O-O Nc6 9. dxc5 Bxc5 10. b3 d5 11. cxd5 Nxd5 12. Nc3 Rc8 13. Qb2 Nd4 14. Rfe1 O-O 15. Nxd5 Qxd5 16. Bc3 Nxe2+ 17. Rxe2 Bxe2 18. Qxe2 Bxf2+ 19. Qxf2 Rxc3 20. Qxb6 Rxf3 21. Bxf3 Qxf3 22. Qxa5 Qe3+ 23. Kg2 Rc8 24. Qe1 Rc2+ 0-1